[Event "December 19 Early 2023"]
[Site "https://www.chess.com"]
[Date "2023.12.19"]
[Round "6"]
[White "Karas, Marek"]
[Black "Hua, Lefong"]
[Result "1-0"]
[Board "104"]
[TimeControl "180+1"]
[WhiteFideId "14928558"]
[BlackFideId "2602253"]
[WhiteElo "2218"]
[BlackElo "2689"]
[WhiteTeam "CZE"]
[BlackTeam "CAN"]
[WhiteClock "0:00:21"]
[BlackClock "0:01:02"]

1. d4 Nf6 2. Nf3 g6 3. Bg5 Bg7 4. Nbd2 O-O 5. e4 d6 6. Bd3 c5 7. dxc5 dxc5 8. O-O h6 9. Bh4 Nc6 10. Re1 g5 11. Bg3 Nh5 12. Rb1 Nxg3 13. hxg3 Be6 14. a3 Nd4 15. Nxd4 cxd4 16. e5 Bd5 17. Qg4 Qb6 18. f4 gxf4 19. gxf4 Rfc8 20. Ne4 Kf8 21. Ng3 Rxc2 22. Bxc2 d3+ 23. Kh2 dxc2 24. Rbc1 Qxb2 25. Nf5 Bh8 26. Qh4 Qxa3 27. Qxh6+ Kg8 28. Re3 Qxe3 29. Nxe3 Bg7 30. Qg5 Be4 31. Nf5 Bxf5 32. Qxf5 e6 33. Qxc2 1-0

[Event "December 19 Early 2023"]
[Site "https://www.chess.com"]
[Date "2023.12.19"]
[Round "6"]
[White "Caceres Benitez, Arturo Eduardo"]
[Black "Timerkhanov, Alexander"]
[Result "0-1"]
[Board "105"]
[TimeControl "180+1"]
[WhiteFideId "3710769"]
[BlackFideId "24177938"]
[WhiteElo "2045"]
[BlackElo "2278"]
[WhiteTeam "PAR"]
[BlackTeam "RUS"]
[WhiteClock "0:00:04"]
[BlackClock "0:01:03"]

1. Nf3 d5 2. c4 c6 3. b3 Nf6 4. Bb2 g6 5. d3 Bg7 6. g3 O-O 7. Bg2 a5 8. a3 Re8 9. Nbd2 Nbd7 10. Ne5 Nxe5 11. Bxe5 e6 12. O-O b6 13. Qc2 Bb7 14. b4 Nd7 15. Bxg7 Kxg7 16. e4 d4 17. f4 c5 18. b5 e5 19. f5 Nf6 20. h3 Nh5 21. Kh2 Qg5 22. g4 Nf4 23. Nf3 Qd8 24. Qd2 g5 25. Rh1 h5 26. Kg3 Rh8 27. Kf2 hxg4 28. hxg4 Qf6 29. Rxh8 Rxh8 30. Rh1 Rxh1 31. Bxh1 Qh6 32. Bg2 f6 33. Qd1 Qh8 34. Kg3 Qa8 35. Ng1 a4 36. Nh3 Qa5 37. Nxf4 gxf4+ 38. Kf3 Kf7 39. Qh1 Qd2 40. Qh7+ Kf8 41. Qh8+ Kf7 42. Qh7+ Kf8 43. Qh6+ Kg8 44. Qg6+ Kf8 45. Qxf6+ Kg8 46. Qd8+ Kh7 47. Qe7+ Kg8 48. Qe6+ Kh7 49. Qf7+ Kh8 50. Qf6+ Kh7 51. Qf7+ Kh8 52. Qe8+ Kh7 53. Qd7+ Kh8 54. Qd8+ Kg7 55. Qh4 Qe3# 0-1

[Event "December 19 Early 2023"]
[Site "https://www.chess.com"]
[Date "2023.12.19"]
[Round "6"]
[White "Czerw, Dawid"]
[Black "Nigalidze, Gaioz"]
[Result "0-1"]
[Board "106"]
[TimeControl "180+1"]
[WhiteFideId "1145746"]
[BlackFideId "13603078"]
[WhiteElo "2144"]
[BlackElo "2400"]
[WhiteTeam "POL"]
[BlackTeam "GEO"]
[WhiteClock "0:00:11"]
[BlackClock "0:00:17"]

1. e4 c5 2. Nf3 d6 3. d4 cxd4 4. Nxd4 Nf6 5. Nc3 a6 6. h4 e5 7. Nb3 Be7 8. Be2 Be6 9. f4 exf4 10. Bxf4 Nc6 11. Qd2 Ne5 12. O-O-O Rc8 13. Nd4 b5 14. Nxe6 fxe6 15. Bf3 b4 16. Ne2 Qa5 17. Kb1 O-O 18. Nd4 Nc4 19. Qe2 e5 20. Nb3 Qb5 21. Bg5 a5 22. Bxf6 Rxf6 23. Rd5 Qb6 24. Bg4 Rc7 25. Rd3 a4 26. Nd2 Na3+ 27. bxa3 bxa3+ 28. Nb3 Rf2 29. Be6+ Kh8 30. Qh5 Rcxc2 31. Rf3 Rb2+ 32. Ka1 Rxa2+ 33. Kb1 Rfb2+ 34. Kc1 Qc5+ 35. Kd1 Rb1+ 36. Nc1 Rxc1# 0-1

[Event "December 19 Early 2023"]
[Site "https://www.chess.com"]
[Date "2023.12.19"]
[Round "6"]
[White "Xhembulla, Aleksander"]
[Black "Ljukin, Sergei"]
[Result "1-0"]
[Board "107"]
[TimeControl "180+1"]
[WhiteFideId "4705114"]
[BlackFideId "14102200"]
[WhiteElo "2220"]
[BlackElo "2319"]
[WhiteTeam "ALB"]
[BlackTeam "UKR"]
[WhiteClock "0:00:38"]
[BlackClock "0:00:00"]

1. e4 e6 2. d4 d5 3. Nd2 Nf6 4. e5 Nfd7 5. Bd3 c5 6. c3 Nc6 7. Ne2 cxd4 8. cxd4 f6 9. exf6 Nxf6 10. Nf3 Bd6 11. O-O Qc7 12. Bg5 O-O 13. Bh4 Nh5 14. Rc1 h6 15. Bb1 g5 16. Bg3 Nxg3 17. Nxg3 Qf7 18. a3 Bd7 19. Qd3 Rae8 20. Rce1 a6 21. Nh5 Re7 22. Ng3 Na5 23. Qd1 Bb5 24. Bd3 Bxd3 25. Qxd3 Nc4 26. Re2 Rfe8 27. Rfe1 Rc7 28. a4 Bb4 29. Rd1 Bd6 30. b3 Na5 31. Rde1 Bb4 32. Ne5 Qh7 33. Qxh7+ Kxh7 34. Rf1 Nc6 35. Nxc6 Rxc6 36. f4 gxf4 37. Rxf4 Kg6 38. h4 Bd6 39. Rg4+ Kh7 40. Nh5 Rf8 41. g3 Rc1+ 42. Kg2 Rc3 43. Rxe6 Rc2+ 44. Kh3 1-0

[Event "December 19 Early 2023"]
[Site "https://www.chess.com"]
[Date "2023.12.19"]
[Round "6"]
[White "Mazurkiewicz, Michal"]
[Black "Graca, Robert"]
[Result "1-0"]
[Board "108"]
[TimeControl "180+1"]
[WhiteFideId "1124943"]
[BlackFideId "644943"]
[WhiteElo "2103"]
[BlackElo "2204"]
[WhiteTeam "POL"]
[BlackTeam "FRA"]
[WhiteClock "0:00:12"]
[BlackClock "0:00:01"]

1. e4 c5 2. Nf3 d6 3. g3 Nf6 4. d3 g6 5. Bg2 Bg7 6. O-O O-O 7. Re1 Nc6 8. e5 dxe5 9. Nxe5 Nxe5 10. Rxe5 Qc7 11. Bf4 Qb6 12. Nc3 Qxb2 13. Rxc5 Nd7 14. Rc7 e5 15. Be3 Qa3 16. Nb5 Qa5 17. c4 a6 18. Bd2 Qb6 19. Be3 Qf6 20. Nc3 Qd6 21. Nd5 Nf6 22. Bc5 Qd8 23. Be7 Qe8 24. Nxf6+ Bxf6 25. Bxf6 Qe6 26. Be7 Re8 27. Bd5 Qb6 28. Qf3 Be6 29. Rxb7 Qd4 30. Rf1 Rab8 31. Rxb8 Rxb8 32. Bxe6 fxe6 33. Bg5 Rb2 34. Be3 Qxd3 35. Qf6 Qxc4 36. Rd1 Rb8 37. Qxe5 Qb5 38. Qxe6+ Kg7 39. Rd7+ Kf8 40. Bh6# 1-0

[Event "December 19 Early 2023"]
[Site "https://www.chess.com"]
[Date "2023.12.19"]
[Round "6"]
[White "Manukyan, Sargis V."]
[Black "Ezat, Mohamed"]
[Result "0-1"]
[Board "109"]
[TimeControl "180+1"]
[WhiteFideId "13303465"]
[BlackFideId "10600906"]
[WhiteElo "2236"]
[BlackElo "2367"]
[WhiteTeam "ARM"]
[BlackTeam "EGY"]
[WhiteClock "0:00:04"]
[BlackClock "0:00:07"]

1. d4 Nf6 2. c4 g6 3. Nc3 Bg7 4. e4 O-O 5. Be2 d6 6. Nf3 e5 7. O-O Nc6 8. d5 Ne7 9. Ne1 Nd7 10. Nd3 f5 11. Bd2 Nf6 12. f3 f4 13. c5 g5 14. cxd6 cxd6 15. h3 Ng6 16. Nf2 Rf7 17. Qc2 h5 18. Rfc1 Bf8 19. Nb5 Ne8 20. a4 Rg7 21. Ra3 a6 22. Rc3 Bd7 23. Nc7 Nxc7 24. Rxc7 b5 25. a5 Nh8 26. Bb4 Nf7 27. Qd1 Nh6 28. Kf1 Kh8 29. R7c3 Be7 30. R1c2 g4 31. fxg4 hxg4 32. hxg4 Bh4 33. Rh3 Qg5 34. Bxd6 Kg8 35. Rc7 Bxf2 36. Kxf2 Nxg4+ 37. Bxg4 Bxg4 38. Rxg7+ Kxg7 39. Bxe5+ Kg6 40. Qc2 Bxh3 41. Qc6+ Kh5 42. gxh3 Rg8 43. Qf6 Qg3+ 44. Ke2 Qe3+ 45. Kd1 Rg1+ 46. Kc2 Rc1# 0-1

[Event "December 19 Early 2023"]
[Site "https://www.chess.com"]
[Date "2023.12.19"]
[Round "6"]
[White "Burovic, Rijad"]
[Black "Lacasa Diaz, Josep Anton"]
[Result "1-0"]
[Board "110"]
[TimeControl "180+1"]
[WhiteFideId "14407701"]
[BlackFideId "2203375"]
[WhiteElo "2384"]
[BlackElo "2338"]
[WhiteTeam "BIH"]
[BlackTeam "ESP"]
[WhiteClock "0:02:20"]
[BlackClock "0:00:17"]

1. e4 c5 2. d3 Nc6 3. g3 g6 4. Bg2 Bg7 5. f4 d6 6. Nf3 e6 7. O-O Nge7 8. c3 O-O 9. Be3 b6 10. d4 d5 11. e5 cxd4 12. cxd4 Nf5 13. Bf2 h5 14. Nc3 a6 15. h3 Bd7 16. g4 hxg4 17. hxg4 Nh6 18. Bh4 Qc8 19. Bh3 Re8 20. Qe1 Nb4 21. Bg5 Nc2 22. Qh4 Nxa1 23. Rxa1 b5 24. Bxh6 b4 25. Ng5 Qc4 26. Bxg7 Qxd4+ 27. Kh1 1-0

[Event "December 19 Early 2023"]
[Site "https://www.chess.com"]
[Date "2023.12.19"]
[Round "6"]
[White "Porozhnyak, Maya"]
[Black "Rojas Alarcon, Julian Antonio"]
[Result "0-1"]
[Board "111"]
[TimeControl "180+1"]
[WhiteFideId "34115843"]
[BlackFideId "5107407"]
[WhiteElo "1932"]
[BlackElo "2340"]
[WhiteTeam "RUS"]
[BlackTeam "MEX"]
[WhiteClock "0:00:00"]
[BlackClock "0:00:30"]

1. e4 e5 2. Nf3 Nc6 3. d4 exd4 4. c3 Nf6 5. e5 Nd5 6. cxd4 d6 7. Be2 Be7 8. O-O dxe5 9. dxe5 O-O 10. h3 Bf5 11. a3 Re8 12. Re1 Bf8 13. Bb5 a6 14. Bxc6 bxc6 15. Nd4 Bd7 16. Qf3 Rb8 17. Nd2 Bc5 18. N2b3 Bb6 19. Bd2 Bxd4 20. Nxd4 Rxb2 21. Re2 Qb8 22. Kh2 Qb6 23. Nf5 Rb3 24. Qg4 Bxf5 25. Qxf5 Re6 26. Rd1 Rxa3 27. Bg5 h6 28. Rde1 hxg5 29. Qxg5 Qb4 30. Re4 Qe7 31. Qc1 Ra2 32. Kg1 a5 33. Qc4 Nb4 34. Rb1 Rd2 35. Qc3 Qd7 36. Rbe1 Rd1 37. Qc5 Rxe1+ 38. Rxe1 Nd3 39. Qe3 Nxe1 40. Qxe1 a4 41. Qb4 c5 42. Qxc5 Re8 43. f4 g6 44. Kh2 Ra8 45. Qa3 Qd4 46. Qf3 c6 47. Qxc6 Qxf4+ 48. Kg1 Rd8 49. Qc1 Qxc1+ 0-1

[Event "December 19 Early 2023"]
[Site "https://www.chess.com"]
[Date "2023.12.19"]
[Round "6"]
[White "Uritsky, Yonathan"]
[Black "Novoselov, Roman"]
[Result "1-0"]
[Board "112"]
[TimeControl "180+1"]
[WhiteFideId "2825651"]
[BlackFideId "4135067"]
[WhiteElo "2168"]
[BlackElo "2250"]
[WhiteTeam "ISR"]
[BlackTeam "RUS"]
[WhiteClock "0:00:22"]
[BlackClock "0:00:00"]

1. Nf3 d5 2. g3 Nf6 3. Bg2 c6 4. O-O Bf5 5. b3 Nbd7 6. Bb2 h6 7. c4 e6 8. d3 Be7 9. Nc3 O-O 10. Qc2 Rc8 11. e4 dxe4 12. dxe4 Bh7 13. Rad1 Qc7 14. Rfe1 Rfd8 15. Qe2 Bc5 16. h3 Qxg3 17. Na4 Qf4 18. Bxf6 Qxf6 19. Rxd7 Bxf2+ 20. Qxf2 Rxd7 21. Nc5 Rdc7 22. Nd3 b6 23. Qg3 Rd7 24. Nde5 Rdd8 25. Rf1 Qe7 26. Ng4 Kh8 27. Nfe5 f6 28. Qh4 Qc5+ 29. Kh2 fxe5 30. Nxh6 gxh6 31. Qf6+ Kg8 32. Qxe6+ Kh8 33. Qf6+ Kg8 34. Rf3 1-0

[Event "December 19 Early 2023"]
[Site "https://www.chess.com"]
[Date "2023.12.19"]
[Round "6"]
[White "Kim, Sergey"]
[Black "Eilers, Stefan"]
[Result "1-0"]
[Board "113"]
[TimeControl "180+1"]
[WhiteFideId "13700570"]
[BlackFideId "4609565"]
[WhiteElo "2598"]
[BlackElo "2443"]
[WhiteTeam "KAZ"]
[BlackTeam "GER"]
[WhiteClock "0:02:15"]
[BlackClock "0:01:13"]

1. d4 d5 2. c4 e6 3. Nc3 c5 4. e3 Nf6 5. Nf3 a6 6. a3 dxc4 7. Bxc4 b5 8. Ba2 Bb7 9. O-O Nc6 10. Qe2 cxd4 11. Rd1 Bd6 12. exd4 O-O 13. Bg5 Be7 14. Rac1 Na5 15. Ne5 Nd5 16. Bd2 Nxc3 17. Bxc3 Nc6 18. d5 exd5 19. Bxd5 1-0

[Event "December 19 Early 2023"]
[Site "https://www.chess.com"]
[Date "2023.12.19"]
[Round "6"]
[White "Hajiyev, Kanan"]
[Black "Melikhov, Evgeny V."]
[Result "1/2-1/2"]
[Board "114"]
[TimeControl "180+1"]
[WhiteFideId "13404148"]
[BlackFideId "4122046"]
[WhiteElo "2102"]
[BlackElo "2165"]
[WhiteTeam "AZE"]
[BlackTeam "GRE"]
[WhiteClock "0:00:07"]
[BlackClock "0:00:26"]

1. d4 Nf6 2. Nf3 d5 3. c4 e6 4. cxd5 exd5 5. Nc3 Bb4 6. Qb3 c5 7. dxc5 Bxc5 8. Qb5+ Nbd7 9. Bg5 Qb6 10. e3 Qxb5 11. Bxb5 Bb4 12. Bxf6 gxf6 13. O-O-O Bxc3 14. bxc3 a6 15. Bxd7+ Bxd7 16. Rxd5 Be6 17. Rd2 Ke7 18. Nd4 Rhc8 19. Kb2 b5 20. f4 f5 21. Rhd1 Rc4 22. a3 Rac8 23. Rd3 a5 24. R1d2 b4 25. cxb4 axb4 26. Nxe6 bxa3+ 27. Rxa3 fxe6 28. Ra7+ Kf6 29. Rb7 R8c7 30. Rxc7 Rxc7 31. Rc2 Rd7 32. Kc3 Rd1 33. Rd2 Re1 34. Kd3 e5 35. Ra2 exf4 36. exf4 Re4 37. g3 h5 38. Re2 Ra4 39. Ke3 Ra3+ 40. Kf2 h4 41. Re3 Ra2+ 42. Kf3 hxg3 43. hxg3 Rb2 44. Rd3 Ra2 45. Rc3 Rb2 46. Ra3 Rc2 47. Ke3 Rg2 48. Kd4 Rd2+ 49. Kc4 Rd1 50. Rc3 Rd2 51. Rd3 Ra2 52. Rd6+ Ke7 53. Rd3 Ke6 54. Kd4 Re2 55. Re3+ Rxe3 56. Kxe3 Ke7 57. Kd3 Kd7 58. Kc4 Kc6 59. Kd4 Kd6 60. Kc4 Kc6 61. Kc3 Kc7 62. Kb4 Kb6 63. Kc4 Kc6 1/2-1/2

[Event "December 19 Early 2023"]
[Site "https://www.chess.com"]
[Date "2023.12.19"]
[Round "6"]
[White "Spata, German"]
[Black "Wanyama, Harold"]
[Result "1-0"]
[Board "115"]
[TimeControl "180+1"]
[WhiteFideId "113026"]
[BlackFideId "10000380"]
[WhiteElo "2260"]
[BlackElo "2228"]
[WhiteTeam "ARG"]
[BlackTeam "UGA"]
[WhiteClock "0:00:05"]
[BlackClock "0:00:19"]

1. Nf3 d5 2. g3 e6 3. Bg2 Nf6 4. O-O Be7 5. c4 O-O 6. b3 b6 7. Bb2 Bb7 8. e3 c5 9. Qe2 dxc4 10. bxc4 Nbd7 11. Nc3 Rc8 12. Rad1 a6 13. d3 Re8 14. h3 Bf8 15. g4 h6 16. Ne1 Bxg2 17. Nxg2 Qc7 18. f4 Nh7 19. Ne4 Qc6 20. g5 hxg5 21. fxg5 e5 22. Qh5 g6 23. Qf3 Re7 24. h4 Bg7 25. h5 gxh5 26. Qxh5 Qg6 27. Qh3 Nxg5 28. Nxg5 Qxg5 29. Rf3 Rc6 30. Rg3 Qh6 31. Qf5 Qe6 32. Qg5 f6 33. Qh5 Qf7 34. Qh3 f5 35. Rf1 Rf6 36. Rg5 Qe6 37. Rgxf5 Ref7 38. e4 Nf8 39. Ne3 Rh6 40. Qg3 Rg6 41. Rg5 Rxf1+ 42. Nxf1 Rxg5 43. Qxg5 Ng6 44. Bc1 Qf6 45. Qxf6 Bxf6 46. Ne3 Kf7 47. Nd5 Bd8 48. Kf2 Nf8 49. Kf3 Ne6 50. Be3 Ke8 51. Kg4 Ng7 52. Bh6 Ne6 53. Be3 Ng7 54. Bh6 Kf7 55. Bxg7 Kxg7 56. Kf5 Kh6 57. Kxe5 Kg5 58. Kd6 Kg4 59. e5 Kf3 60. e6 Ke2 61. Kd7 Bg5 62. Nxb6 Kxd3 63. e7 Bxe7 64. Kxe7 Kc3 65. Kd6 Kb4 66. Kd5 a5 67. a4 1-0

[Event "December 19 Early 2023"]
[Site "https://www.chess.com"]
[Date "2023.12.19"]
[Round "6"]
[White "Andreev, Konstantin"]
[Black "Shohat, Yotam"]
[Result "1/2-1/2"]
[Board "116"]
[TimeControl "180+1"]
[WhiteFideId "24239305"]
[BlackFideId "2813955"]
[WhiteElo "2093"]
[BlackElo "2226"]
[WhiteTeam "ITA"]
[BlackTeam "ISR"]
[WhiteClock "0:00:07"]
[BlackClock "0:00:04"]

1. e4 c5 2. Nf3 d6 3. d4 cxd4 4. Nxd4 Nf6 5. Nc3 e6 6. g4 h6 7. h4 a6 8. Rg1 Nfd7 9. g5 hxg5 10. hxg5 g6 11. Be3 b5 12. Qd2 Bb7 13. a3 Nb6 14. O-O-O N8d7 15. Kb1 Be7 16. f4 Rc8 17. f5 Nc5 18. fxe6 fxe6 19. Bd3 e5 20. Nf5 gxf5 21. exf5 Nxd3 22. Qxd3 Nc4 23. f6 Nxe3 24. fxe7 Qb6 25. Rde1 Nc4 26. Rgf1 Qd4 27. Qf5 Nd2+ 28. Ka1 Nxf1 29. Rxf1 Kxe7 30. Qg6 Rhf8 31. Qg7+ Ke6 32. Rxf8 Rxf8 33. Qxf8 Qg1+ 34. Ka2 Qxg5 35. Qe8+ Qe7 36. Qg6+ Kd7 37. Qg4+ Qe6+ 38. Qxe6+ Kxe6 39. Kb1 d5 40. Kc1 d4 41. Ne2 Kd5 42. Kd2 e4 43. Nf4+ Ke5 44. Ng6+ Kf5 45. Ne7+ Ke6 46. Ng6 Bd5 47. b3 Kf5 48. Ne7+ Ke5 49. Ng6+ Kf6 50. Nf4 Bb7 51. c3 Kf5 52. Ne2 d3 53. Nd4+ Kf4 54. Ne6+ Kf3 55. Ng5+ Kf2 56. Nh3+ Kg3 57. Ng5 Kf2 58. Nh3+ Kf1 59. Nf4 a5 60. Ne6 a4 61. Nd4 axb3 62. Nxb3 Kf2 63. Nc5 e3+ 64. Kxd3 e2 65. Kd4 e1=Q 66. Nd3+ Ke2 67. Nxe1 Kxe1 68. Kc5 Kd2 69. Kb6 Bc8 70. Kxb5 Kxc3 71. a4 Bd7+ 72. Kb6 Bxa4 1/2-1/2

[Event "December 19 Early 2023"]
[Site "https://www.chess.com"]
[Date "2023.12.19"]
[Round "6"]
[White "Figorito, Nick"]
[Black "Nanu, Costica-Ciprian"]
[Result "0-1"]
[Board "117"]
[TimeControl "180+1"]
[WhiteFideId "30923689"]
[BlackFideId "1204580"]
[WhiteElo "2421"]
[BlackElo "2485"]
[WhiteTeam "USA"]
[BlackTeam "ROU"]
[WhiteClock "0:00:00"]
[BlackClock "0:01:24"]

1. Nf3 d5 2. g3 Nf6 3. Bg2 Bg4 4. O-O Bxf3 5. Bxf3 c6 6. c4 e6 7. Nc3 Be7 8. cxd5 cxd5 9. d4 O-O 10. Bf4 Nc6 11. e3 Nd7 12. h4 Rc8 13. Qb3 Na5 14. Qa4 Nc4 15. Qxa7 Nd2 16. Bg2 Nxf1 17. Kxf1 Qb6 18. Qxb6 Nxb6 19. e4 dxe4 20. Bxe4 Nd5 21. Nxd5 exd5 22. Bxd5 Rc2 23. Bxb7 Rxb2 24. Bf3 Bf6 25. Be3 Rd8 26. a4 Bxd4 27. Bxd4 Rxd4 28. Rd1 Rxd1+ 29. Bxd1 Ra2 30. Kg2 Kf8 31. h5 Ke7 32. g4 Kf6 33. Kg3 Ra3+ 34. f3 Ke5 35. Bc2 g6 36. hxg6 hxg6 37. Bd1 Kd4 38. Kf4 Kd3 39. Ke5 Kd2 40. Kf6 Kxd1 41. Kxf7 Rxa4 42. Kxg6 Ke2 43. g5 Kxf3 44. Kf6 Kf4 45. g6 Ra6+ 46. Kf7 Kf5 47. g7 Ra7+ 48. Kf8 Kf6 49. g8=N+ Ke6 50. Nh6 Rh7 51. Ng8 Rf7+ 52. Ke8 Rg7 53. Kf8 Rh7 54. Ke8 Rf7 55. Nh6 Rg7 56. Kf8 Rg5 57. Ng8 Rg6 0-1

[Event "December 19 Early 2023"]
[Site "https://www.chess.com"]
[Date "2023.12.19"]
[Round "6"]
[White "Khodabandeh, Milad"]
[Black "Ghevondyan, Arman"]
[Result "0-1"]
[Board "118"]
[TimeControl "180+1"]
[WhiteFideId "12538620"]
[BlackFideId "13312073"]
[WhiteElo "1846"]
[BlackElo "2176"]
[WhiteTeam "IRI"]
[BlackTeam "ARM"]
[WhiteClock "0:00:05"]
[BlackClock "0:00:52"]

1. e4 c5 2. Nf3 Nc6 3. d4 cxd4 4. Nxd4 g6 5. c4 Bg7 6. Be3 Nf6 7. Nc3 Ng4 8. Qxg4 Nxd4 9. Qd1 Ne6 10. Qd2 Qa5 11. Rc1 b6 12. Be2 Bxc3 13. Qxc3 Qxc3+ 14. Rxc3 Bb7 15. f3 d6 16. Kd2 Rc8 17. Rhc1 O-O 18. b4 Rc7 19. Kc2 Rfc8 20. Kb3 Ba6 21. a4 Kf8 22. f4 Bb7 23. f5 Nd8 24. Bg4 h5 25. Bh3 Rb8 26. Bh6+ Kg8 27. fxg6 fxg6 28. Rf1 Kh7 29. Bg5 Bxe4 30. Re3 d5 31. Rxe4 dxe4 32. Bf4 Rbb7 33. Bxc7 Rxc7 34. Re1 Nf7 35. Rxe4 Ng5 36. Re3 Nxh3 37. Rxh3 Kg7 38. Re3 Kf6 39. h4 e5 40. Kc3 Kf5 41. g3 e4 42. Kd4 Rd7+ 43. Kc3 Ke5 44. Re1 Rd3+ 45. Kc2 Rxg3 46. c5 bxc5 47. bxc5 Ra3 48. Kb2 Rxa4 49. Rc1 Rb4+ 50. Ka3 Rb8 51. c6 Rc8 52. Kb4 e3 53. Kc5 a5 54. Rc4 e2 55. Rc1 Ke4 56. Kd6 Kf3 57. Kd7 Rxc6 58. Kxc6 Kf2 59. Kb5 e1=Q 60. Rxe1 Kxe1 61. Kxa5 Kf2 62. Kb4 Kg3 63. Kc4 Kxh4 64. Kd3 Kg3 65. Ke2 Kg2 0-1

[Event "December 19 Early 2023"]
[Site "https://www.chess.com"]
[Date "2023.12.19"]
[Round "6"]
[White "Asish Panda"]
[Black "Rose, Felix"]
[Result "1-0"]
[Board "120"]
[TimeControl "180+1"]
[WhiteFideId "45012458"]
[BlackFideId "5105722"]
[WhiteElo "1767"]
[BlackElo "2039"]
[WhiteTeam "IND"]
[BlackTeam "MEX"]
[WhiteClock "0:02:11"]
[BlackClock "0:00:19"]

1. e4 e5 2. Nf3 Nc6 3. Bc4 Nf6 4. d3 Bc5 5. c3 d6 6. Nbd2 a5 7. Nf1 Ba7 8. Ng3 h6 9. Be3 Bxe3 10. fxe3 a4 11. a3 Bd7 12. O-O Ne7 13. Nh4 Ng6 14. Nhf5 Kf8 15. Qf3 c6 16. Nxg7 Kxg7 17. Nh5+ Kf8 18. Nxf6 b5 19. Nxd7+ Qxd7 20. Bxf7 Nh4 21. Qf6 Qg4 22. Be6+ 1-0

[Event "December 19 Early 2023"]
[Site "https://www.chess.com"]
[Date "2023.12.19"]
[Round "6"]
[White "Zimmermann, Ulrich"]
[Black "San Thit Lwin"]
[Result "1-0"]
[Board "121"]
[TimeControl "180+1"]
[WhiteFideId "24654523"]
[BlackFideId "13001272"]
[WhiteElo "2223"]
[BlackElo "2232"]
[WhiteTeam "GER"]
[BlackTeam "MYA"]
[WhiteClock "0:00:20"]
[BlackClock "0:00:00"]

1. Nf3 Nf6 2. g3 d5 3. Bg2 Bf5 4. O-O e6 5. d3 Be7 6. Nc3 O-O 7. Nd2 c5 8. e4 dxe4 9. dxe4 Bg6 10. f4 Nc6 11. g4 h5 12. h3 hxg4 13. hxg4 Qd4+ 14. Kh1 Rad8 15. f5 exf5 16. exf5 Nxg4 17. fxg6 fxg6 18. Nde4 Qe5 19. Rxf8+ Rxf8 20. Qxg4 Nd4 21. Bg5 Nxc2 22. Bxe7 Qxe7 23. Rf1 Ne3 24. Rxf8+ Qxf8 25. Qe6+ Kh7 26. Qh3+ Kg8 27. Qxe3 Qf5 28. Nd5 Qh5+ 29. Kg1 Qd1+ 30. Kf2 Qxd5 31. Nf6+ gxf6 32. Bxd5+ 1-0

[Event "December 19 Early 2023"]
[Site "https://www.chess.com"]
[Date "2023.12.19"]
[Round "6"]
[White "Dinu, Dumitru-Daniel"]
[Black "Hartikainen, Jarmo"]
[Result "1-0"]
[Board "122"]
[TimeControl "180+1"]
[WhiteFideId "1208403"]
[BlackFideId "503134"]
[WhiteElo "2240"]
[BlackElo "2155"]
[WhiteTeam "ROU"]
[BlackTeam "FIN"]
[WhiteClock "0:00:29"]
[BlackClock "0:00:09"]

1. e4 c5 2. Nf3 Nc6 3. Bb5 e6 4. O-O Nge7 5. d4 cxd4 6. Nxd4 a6 7. Be2 Nxd4 8. Qxd4 Nc6 9. Qc3 Qf6 10. Be3 Qxc3 11. Nxc3 Be7 12. Na4 b5 13. Nb6 Rb8 14. Nxc8 Rxc8 15. a4 bxa4 16. Rxa4 a5 17. c3 O-O 18. Rd1 Bd8 19. Rxd7 Rb8 20. Rd2 Be7 21. f4 g6 22. Kf2 Rb3 23. Bc4 Rbb8 24. Ke2 Rfd8 25. Rxd8+ Bxd8 26. b3 h5 27. e5 Kg7 28. Kf3 f6 29. exf6+ Kxf6 30. Ke4 Bc7 31. Bf2 g5 32. fxg5+ Kxg5 33. h3 e5 34. Ra1 Rf8 35. Be3+ Kg6 36. Rd1 Bd8 37. Rd6+ Rf6 38. Rxf6+ Bxf6 39. Kd5 Ne7+ 40. Ke6 Nf5 41. Bd3 1-0

[Event "December 19 Early 2023"]
[Site "https://www.chess.com"]
[Date "2023.12.19"]
[Round "6"]
[White "Caruana, Fabiano"]
[Black "Balla, Tamas-Kristof"]
[Result "1-0"]
[Board "123"]
[TimeControl "180+1"]
[WhiteFideId "2020009"]
[BlackFideId "1208497"]
[WhiteElo "2815"]
[BlackElo "2306"]
[WhiteTeam "USA"]
[BlackTeam "ROU"]
[WhiteClock "0:01:47"]
[BlackClock "0:00:12"]

1. c3 c5 2. e4 Nf6 3. e5 Nd5 4. Nf3 Nc6 5. Bc4 Nb6 6. Bb3 d5 7. exd6 Qxd6 8. O-O g6 9. a4 Bg7 10. a5 Nd5 11. Na3 O-O 12. Nb5 Qd8 13. Bxd5 Qxd5 14. Nc7 Qd6 15. Nxa8 Bg4 16. h3 Bf5 17. d4 Rxa8 18. dxc5 Qxc5 19. Be3 Qb5 20. Nd4 Nxd4 21. Bxd4 Rd8 22. Qa4 Qxb2 23. Bxg7 Kxg7 24. Qb4 Qxb4 25. cxb4 Rd4 26. b5 Rb4 27. a6 Rxb5 28. Rfc1 bxa6 29. Rxa6 Rb7 30. Rca1 h5 31. Rxa7 Rxa7 32. Rxa7 Kf6 33. h4 Be6 34. f3 Bf5 35. Kf2 e5 36. Ke3 Be6 37. Ra6 Ke7 38. Ke4 Kf6 39. Rb6 Kg7 40. Kxe5 Bc4 41. Kf4 Bf1 42. Rb2 Bc4 43. g3 Be6 44. Rb7 Kf6 45. Rc7 Kg7 46. Kg5 Bd5 47. Kf4 Be6 48. Ke5 Bb3 49. Rc3 Be6 50. Rc6 Bb3 51. f4 Be6 52. Rxe6 fxe6 53. Kxe6 Kh6 54. Kf6 Kh7 55. Kf7 Kh6 56. Kg8 1-0

[Event "December 19 Early 2023"]
[Site "https://www.chess.com"]
[Date "2023.12.19"]
[Round "6"]
[White "Tologon tegin, Semetei"]
[Black "Jaque Gutierrez, Matias"]
[Result "0-1"]
[Board "124"]
[TimeControl "180+1"]
[WhiteFideId "13800574"]
[BlackFideId "3426980"]
[WhiteElo "2258"]
[BlackElo "2040"]
[WhiteTeam "KGZ"]
[BlackTeam "CHI"]
[WhiteClock "0:00:00"]
[BlackClock "0:00:13"]

1. Nf3 d5 2. e3 Nf6 3. c4 e6 4. b3 Be7 5. Bb2 b6 6. Be2 Bb7 7. O-O O-O 8. Nc3 Nbd7 9. d4 a6 10. Rc1 Ne4 11. cxd5 exd5 12. Ne5 Nxe5 13. dxe5 c5 14. Qc2 Nxc3 15. Bxc3 Qd7 16. f4 f6 17. Rcd1 Rac8 18. Bf3 d4 19. Qb1 Bxf3 20. Rxf3 fxe5 21. Rh3 Qf5 22. Qxf5 Rxf5 23. exd4 exd4 24. Bd2 b5 25. Bc1 Rd5 26. Kf1 c4 27. bxc4 bxc4 28. Re3 Bf6 29. Re4 d3 30. Be3 c3 31. Kf2 d2 32. Bxd2 Rxd2+ 33. Rxd2 cxd2 34. Ke2 Rc2 35. Ra4 Bc3 36. Rxa6 Rc1 37. Rd6 Re1+ 38. Kf2 d1=Q 39. Rd8+ Qxd8 0-1

[Event "December 19 Early 2023"]
[Site "https://www.chess.com"]
[Date "2023.12.19"]
[Round "6"]
[White "Masague Artero, Guerau"]
[Black "Ohler, Julius"]
[Result "0-1"]
[Board "125"]
[TimeControl "180+1"]
[WhiteFideId "32098952"]
[BlackFideId "16238982"]
[WhiteElo "2253"]
[BlackElo "2200"]
[WhiteTeam "ESP"]
[BlackTeam "GER"]
[WhiteClock "0:00:35"]
[BlackClock "0:01:24"]

1. Nf3 d5 2. e3 Nf6 3. d4 Bg4 4. h3 Bxf3 5. Qxf3 c6 6. c4 e6 7. Nc3 Nbd7 8. Bd2 Bd6 9. Bd3 O-O 10. O-O Qe7 11. Rfe1 dxc4 12. Bxc4 e5 13. Rad1 Rad8 14. d5 Nb6 15. b3 e4 16. Qf5 cxd5 17. Bf1 Qe6 18. Qxe6 fxe6 19. Nb5 Bb8 20. Bb4 Rf7 21. Rc1 h6 22. Rc2 Ne8 23. Rec1 Nd6 24. Bxd6 Bxd6 25. Nxa7 Rdf8 26. Bb5 Ba3 27. Nc8 Nxc8 28. Rxc8 Bxc1 29. Rxc1 Rxf2 30. Bd7 R2f6 31. Rc7 Rb8 32. a4 Kf8 33. a5 Rf7 34. b4 Rd8 35. Rxb7 Rfxd7 36. Rxd7 Rxd7 37. b5 Ra7 38. a6 Ke7 0-1

[Event "December 19 Early 2023"]
[Site "https://www.chess.com"]
[Date "2023.12.19"]
[Round "6"]
[White "Sadykov, Ramil"]
[Black "Ovezdurdyyeva, Jemal"]
[Result "1-0"]
[Board "126"]
[TimeControl "180+1"]
[WhiteFideId "24113590"]
[BlackFideId "14001888"]
[WhiteElo "2245"]
[BlackElo "2086"]
[WhiteTeam "FID"]
[BlackTeam "TKM"]
[WhiteClock "0:00:36"]
[BlackClock "0:01:33"]

1. d4 Nf6 2. Nc3 e6 3. Bf4 b6 4. e4 Bb7 5. Bd3 Be7 6. Nf3 d5 7. e5 Nfd7 8. Ne2 c5 9. c3 Nc6 10. a3 h6 11. h4 Qc7 12. h5 O-O-O 13. b4 c4 14. Bc2 Rhg8 15. a4 Ndb8 16. a5 b5 17. Qd2 a6 18. g4 Qd7 19. g5 hxg5 20. Bxg5 f6 21. Bf4 fxe5 22. Bxe5 Nxe5 23. Nxe5 Nc6 24. Nxd7 1-0